Map: Curious Minds LE

Players

Serral - Winner!

  • Race: Zerg Zerg
  • League: Master

MaxPax

  • Race: Protoss Protoss
  • League: Grandmaster

Event: DreamHack SC2 Masters Last Chance 2022

VOD

Have the link to the VOD?

Description

Time

  • Played on: Dec. 17, 2021, 1:58 p.m.
  • Length: 12:52

All games in this series

Show
View Real Time Build Order
Export as new Build Order

Serral Zerg - Winner!

Build Orders: Hatch First 

Get SALT Encoding   

  12  0:00  Drone  
  13  0:12  Overlord  
  13  0:17  Drone  
  14  0:30  Drone  
  14  0:31  Drone  
  16  0:49  Drone  
  17  0:54  Drone, Hatchery  
  17  0:58  Drone  
  18  1:08  Extractor  
  17  1:13  Spawning Pool  
  17  1:17  Drone  
  17  1:20  Drone  
  18  1:28  Drone  
  19  1:38  Drone  
  20  1:50  Overlord  
  20  2:00  Queen  
  22  2:06  Queen  
  22  2:07  Zergling x4  
  26  2:10  Drone  
  26  2:13  Metabolic Boost  
  27  2:17  Drone  
  27  2:21  Drone  
  29  2:27  Drone  
  30  2:41  Queen  
  32  2:46  Hatchery  
  32  2:48  Drone  
  32  2:49  Drone  
  33  2:52  Overlord  
  33  2:55  Drone  
  33  2:57  Drone  
  35  3:00  Drone  
  36  3:07  Overlord  
  36  3:10  Queen  
  38  3:16  Drone x3  
  40  3:21  Drone  
  40  3:22  Drone  
  40  3:23  Drone  
  40  3:25  Drone  
  44  3:30  Queen  
  44  3:33  Drone  
  47  3:36  Drone  
  47  3:40  Roach Warren  
  47  3:41  Drone  
  47  3:47  Overlord  
  48  3:49  Zergling x4  
  48  3:51  Zergling x2  
  48  3:55  Spore Crawler  
  50  3:56  Spore Crawler  
  50  3:58  Extractor  
  48  4:03  Drone x2  
  48  4:04  Drone  
  48  4:09  Queen  
  51  4:13  Overlord  
  51  4:14  Zergling x4  
  55  4:18  Zergling x4  
  57  4:26  Drone  
  57  4:27  Drone  
  57  4:28  Overlord  
  57  4:29  Spore Crawler  
  58  4:32  Roach  
  58  4:36  Roach x2  
  64  4:41  Overlord  
  64  4:44  Roach x2  
  68  4:50  Roach  
  68  4:51  Roach  
  72  4:54  Lair  
  72  4:59  Roach x2  
  76  5:02  Zergling x2  
  76  5:03  Zergling x2  
  78  5:14  Zergling x12  
  84  5:19  Overlord  
  84  5:20  Ravager  
  85  5:25  Zergling x8  
  85  5:27  Ravager  
  90  5:36  Overlord  
  90  5:42  Overlord  
  85  5:48  Zergling x20  
  91  5:53  Evolution Chamber  
  91  6:03  Zergling x10  
  95  6:07  Ravager x2  
  94  6:12  Zergling x6  
  94  6:17  Evolution Chamber  
  92  6:25  Ravager  
  89  6:27  Zergling x6  
  92  6:39  Queen x3  
  97  6:41  Drone x3  
  97  6:48  Glial Reconstitution  
  97  6:50  Drone  
  97  6:52  Drone  
  97  6:53  Drone x2  
  101  6:56  Drone x2  
  103  7:06  Drone x3  
  106  7:10  Baneling Nest  
  106  7:15  Drone x2  
  107  7:19  Overseer, Extractor x2  
  105  7:25  Overlord x2  
  105  7:26  Roach  
  105  7:27  Roach  
  109  7:36  Roach  
  109  7:37  Roach  
  113  7:49  Overseer  
  113  7:53  Centrifugal Hooks  
  113  7:55  Drone x4  
  113  7:56  Drone  
  118  8:00  Overlord  
  118  8:01  Roach x5  
  118  8:05  Baneling x2  
  128  8:07  Baneling  
  127  8:16  Roach  
  127  8:19  Overlord x3  
  129  8:20  Overlord  
  129  8:22  Overlord  
  126  8:34  Overlord  
  126  8:35  Roach x6  
  126  8:40  Baneling x2  
  126  8:41  Baneling x4  
  138  8:44  Zergling x8  
  140  8:50  Overseer  
  140  8:52  Zergling x2  
  140  8:53  Zergling x12  
  144  9:02  Ravager x2  
  142  9:03  Roach x3  
  148  9:10  Roach x3  
  148  9:16  Zergling x8  
  153  9:20  Roach  
  141  9:25  Zergling x2, Roach x4  
  141  9:26  Roach  
  145  9:36  Roach x3  
  149  9:42  Evolution Chamber  
  148  9:45  Zergling x2  
  148  9:46  Zergling x4  
  148  9:48  Baneling x4  
  148  9:49  Baneling x2  
  148  9:51  Baneling  
  148  9:52  Zergling x8  
  155  9:57  Zergling x6  
  151  10:00  Zergling x4  
  151  10:06  Ravager  
  154  10:07  Zergling x6  
  146  10:18  Zergling x2, Roach  
  146  10:19  Zergling x4, Roach x2  
  123  10:30  Roach x5  
  131  10:42  Zergling x12  
  132  10:45  Zerg Missile Weapons Level 1  
  132  10:49  Drone  
  133  10:50  Drone x3  
  133  10:54  Infestation Pit  
  131  11:04  Roach x5  
  139  11:15  Hatchery  
  139  11:25  Zergling x8  
  139  11:26  Zergling x6  
  139  11:32  Ravager  
  147  11:33  Ravager x2  
  147  11:37  Ravager x2, Zergling x6  
  147  11:38  Zergling x4  
  155  11:54  Drone x8  
  163  12:03  Baneling  
  163  12:04  Baneling x7  
  163  12:06  Drone x4  
  167  12:11  Baneling x3  
  167  12:12  Baneling  
  167  12:15  Zergling x6  
  170  12:21  Zergling x2  
  170  12:22  Zergling x8  
  163  12:27  Roach x3  
Show
View Real Time Build Order
Export as new Build Order

MaxPax Protoss 

Build Orders: 1 Gate Expand, Mass Adepts 

Get SALT Encoding   

  12  0:00  Probe  
  13  0:12  Probe  
  14  0:19  Pylon  
  14  0:24  Probe  
  15  0:37  Probe (Chrono Boost)  
  15  0:41  Gateway  
  16  0:47  Probe (Chrono Boost)  
  17  0:50  Assimilator  
  17  0:52  Probe (Chrono Boost)  
  18  1:03  Probe  
  19  1:16  Probe  
  20  1:25  Nexus  
  20  1:36  Cybernetics Core  
  20  1:38  Probe  
  21  1:45  Assimilator  
  21  1:50  Probe  
  22  1:54  Pylon  
  22  2:02  Probe  
  23  2:10  Adept (Chrono Boost)  
  23  2:14  Probe  
  26  2:22  Twilight Council  
  26  2:27  Probe  
  27  2:32  Warp Gate  
  27  2:35  Stalker  
  29  2:37  Probe (Chrono Boost)  
  29  2:39  Probe (Chrono Boost)  
  31  2:49  Probe (Chrono Boost)  
  31  2:50  Probe (Chrono Boost)  
  33  2:54  Probe x2 (Chrono Boost)  
  35  3:00  Resonating Glaives (Chrono Boost), Gateway  
  35  3:04  Probe  
  35  3:05  Probe  
  37  3:18  Probe  
  37  3:19  Gateway  
  38  3:21  Gateway  
  38  3:22  Probe  
  39  3:27  Adept  
  39  3:30  Probe  
  42  3:34  Probe  
  42  3:37  Pylon  
  43  3:44  Robotics Facility  
  43  3:53  Nexus  
  43  3:54  Probe  
  44  3:55  Probe  
  45  4:08  Probe  
  46  4:11  Pylon  
  46  4:12  Assimilator  
  46  4:20  Adept  
  46  4:21  Adept x3  
  54  4:28  Pylon  
  54  4:29  Probe x2  
  56  4:42  Adept x2, Shield Battery  
  56  4:43  Adept  
  62  4:46  Probe x2  
  62  4:48  Adept  
  62  4:51  Shield Battery  
  66  4:59  Probe  
  67  5:03  Probe  
  67  5:04  Immortal (Chrono Boost)  
  67  5:06  Probe  
  73  5:11  Probe  
  74  5:15  Probe  
  74  5:17  Adept  
  74  5:18  Adept x3, Probe  
  82  5:23  Probe  
  82  5:27  Probe  
  84  5:30  Probe, Forge  
  85  5:38  Pylon  
  83  5:45  Probe  
  83  5:47  Probe  
  85  5:51  Dark Shrine  
  86  5:58  Immortal (Chrono Boost)  
  86  5:59  Gateway  
  86  6:00  Gateway  
  86  6:01  Adept x2  
  86  6:02  Sentry x2  
  93  6:17  Pylon  
  91  6:21  Shield Battery  
  91  6:23  Shield Battery  
  81  6:26  Immortal (Chrono Boost)  
  81  6:28  Adept x4  
  89  6:33  Assimilator, Protoss Ground Weapons Level 1 (Chrono Boost)  
  87  6:51  Pylon  
  87  6:52  Pylon  
  87  6:53  Pylon  
  87  7:03  Pylon  
  83  7:10  Warp Prism (Chrono Boost)  
  83  7:13  Adept  
  83  7:14  Adept x3  
  93  7:22  Adept x2  
  97  7:25  Pylon  
  97  7:27  Nexus  
  97  7:31  Blink  
  97  7:34  Sentry x2  
  101  7:37  Pylon  
  101  7:39  Pylon  
  101  7:44  Adept x3, Observer (Chrono Boost)  
  101  7:45  Adept  
  101  7:47  Shield Battery  
  110  7:55  Pylon  
  110  8:01  Dark Templar  
  110  8:05  Adept  
  114  8:09  Adept x4  
  122  8:20  Probe  
  122  8:22  Probe  
  122  8:30  Robotics Bay  
  118  8:35  Adept x5  
  118  8:38  Adept  
  130  8:47  Probe x2  
  132  8:48  Probe  
  132  8:52  Assimilator  
  133  8:56  Assimilator  
  133  8:59  Probe  
  130  9:04  Stalker x2  
  130  9:05  Stalker x3  
  140  9:12  Pylon  
  98  9:38  Stalker x6  
  94  9:39  Disruptor (Chrono Boost)  
  94  9:43  Shield Battery  
  94  9:45  Pylon  
  97  10:04  Gateway  
  97  10:05  Stalker x6  
  97  10:06  Gateway  
  75  10:30  Stalker x3  
  75  10:31  Stalker x3, Disruptor (Chrono Boost)  
  70  11:04  Disruptor  
  69  11:13  Gravitic Drive (Chrono Boost)  
  69  11:14  Stalker x7  
  83  11:30  Pylon  
  83  11:45  Stalker x4  
  90  11:54  Disruptor (Chrono Boost)  
  93  12:07  Nexus  
  93  12:27  Pylon  
  93  12:29  Observer  
  94  12:42  Stalker x4  

Tags
 
Add a new tag
Caveats
  • Supply blocks, unpowered buildings, or Contaminate may cause inaccurate times.
  • Supply counts are checked every 10 seconds.